Map: 포트 알렉산더 - 래더

Players

TYTY (TY) - Winner!

  • Race: Terran Terran
  • League: Grandmaster
  • Spawn Location: 5:00

Leenock

  • Race: Zerg Zerg
  • League: Grandmaster
  • Spawn Location: 11:00

VOD

Have the link to the VOD?

Description

TY goes for a proxy ghost rush with a Hellbat/Ghost follow-up attack

Time

  • Played on: April 9, 2019, 6:29 a.m.
  • Length: 7:34
Show
View Real Time Build Order
Export as new Build Order

TYTY Terran - Winner!

Build Orders:  

Get SALT Encoding   

  12  0:00  SCV  
  13  0:12  SCV  
  14  0:18  Supply Depot  
  14  0:24  SCV  
  15  0:40  SCV  
  15  0:41  Barracks  
  16  0:47  Refinery  
  16  0:52  SCV  
  17  0:57  Refinery  
  17  1:04  SCV  
  18  1:16  SCV  
  19  1:30  Ghost Academy  
  19  1:32  Orbital Command  
  19  1:34  Barracks Tech Lab  
  19  1:58  Ghost  
  21  2:01  Supply Depot  
  21  2:02  SCV  
  22  2:14  SCV  
  23  2:22  Personal Cloaking  
  23  2:26  Barracks  
  24  2:30  SCV  
  24  2:42  SCV  
  25  2:45  Ghost  
  25  2:51  Supply Depot  
  27  2:54  SCV  
  28  3:06  SCV  
  29  3:13  Ghost  
  32  3:24  Barracks Reactor  
  30  3:35  Command Center, SCV  
  31  3:42  Ghost  
  33  3:49  SCV  
  34  3:58  Supply Depot  
  34  4:01  Marine x2, SCV  
  37  4:13  Ghost, SCV  
  38  4:19  Marine  
  39  4:27  Marine  
  39  4:31  Supply Depot  
  40  4:32  Factory  
  40  4:38  SCV  
  41  4:42  Marine  
  41  4:45  Marine  
  42  4:48  Ghost  
  45  4:59  Marine, Orbital Command  
  45  5:04  SCV  
  46  5:17  Orbital Command  
  46  5:19  Ghost  
  47  5:24  Hellion x2  
  51  5:30  SCV  
  51  5:31  Armory  
  50  5:43  SCV  
  50  5:44  SCV  
  50  5:45  Hellion x2  
  56  5:52  Ghost  
  56  5:55  SCV  
  59  6:00  Supply Depot  
  59  6:02  SCV  
  60  6:06  Hellion x2  
  60  6:07  SCV  
  65  6:14  SCV  
  66  6:19  SCV  
  66  6:22  Ghost  
  69  6:26  SCV  
  69  6:28  Hellion x2  
  74  6:39  SCV x2  
  73  6:49  Hellion x2  
  67  6:55  Ghost  
  67  6:56  SCV x2  
  71  7:09  Command Center, SCV x2  
Show
View Real Time Build Order
Export as new Build Order

Leenock Zerg 

Build Orders: Hatch First 

Get SALT Encoding   

  12  0:01  Drone  
  13  0:12  Overlord  
  13  0:18  Drone  
  14  0:30  Drone x2  
  14  0:34  Drone  
  17  0:52  Hatchery  
  17  0:56  Drone  
  17  0:59  Drone  
  18  1:05  Extractor  
  17  1:14  Spawning Pool  
  17  1:17  Drone  
  17  1:21  Drone  
  18  1:28  Drone  
  19  1:38  Overlord  
  19  1:49  Drone  
  20  2:01  Queen  
  20  2:02  Zergling x2  
  20  2:04  Queen  
  20  2:05  Zergling x2  
  20  2:08  Metabolic Boost  
  26  2:13  Drone  
  26  2:15  Drone  
  28  2:21  Drone  
  29  2:35  Hatchery  
  28  2:37  Drone  
  28  2:40  Drone  
  30  2:47  Queen  
  32  2:53  Overlord  
  32  2:55  Drone  
  32  2:57  Drone  
  34  3:00  Drone  
  35  3:06  Overlord  
  35  3:08  Drone  
  37  3:12  Drone  
  37  3:13  Drone  
  37  3:14  Drone  
  37  3:16  Drone  
  37  3:19  Drone  
  41  3:22  Drone  
  41  3:26  Queen  
  44  3:37  Zergling x4  
  46  3:41  Spore Crawler  
  46  3:43  Queen  
  47  3:49  Spore Crawler  
  47  3:50  Zergling x8  
  46  4:11  Drone  
  46  4:12  Drone x3  
  47  4:18  Lair  
  47  4:20  Drone x3, Spore Crawler  
  47  4:21  Drone  
  47  4:22  Drone  
  47  4:23  Extractor  
  49  4:24  Drone x2  
  49  4:27  Spore Crawler  
  50  4:34  Overlord  
  50  4:38  Overlord  
  49  4:46  Overlord x2  
  47  4:57  Zergling x14  
  53  5:14  Baneling Nest  
  51  5:28  Drone x13  
  56  5:32  Overseer  
  62  5:39  Overlord, Drone  
  62  5:40  Drone  
  64  5:51  Overseer  
  64  5:53  Zergling x2  
  64  5:54  Zergling x8  
  64  5:56  Extractor  
  68  5:58  Centrifical Hooks  
  68  6:06  Drone x3  
  68  6:07  Drone  
  68  6:10  Extractor  
  71  6:15  Baneling x2  
  70  6:20  Baneling  
  70  6:21  Zergling x6  
  70  6:23  Baneling  
  70  6:24  Baneling x3  
  73  6:26  Overlord x2  
  73  6:30  Pneumatized Carapace  
  73  6:34  Overlord  
  73  6:36  Baneling x4  
  69  6:40  Zergling x8  
  68  6:47  Zergling x18  
  69  6:54  Zergling x4  
  69  6:55  Zergling x4  
  69  6:57  Baneling  
  69  6:58  Baneling x3, Zergling x2  
  69  6:59  Zergling x2  
  68  7:09  Overseer  
  68  7:12  Zergling x8  
  68  7:15  Zergling x6  
  70  7:16  Zergling x4  
Tags
 
Add a new tag
Caveats
  • Supply blocks, unpowered buildings, or Contaminate may cause inaccurate times.
  • Supply counts are checked every 10 seconds.